 Dungeon Crawl Stone Soup version 0.30-a0-862-g1aabd4f9c5 (webtiles) character file.

Game seed: 18312188533920719509

19981 ragingrage the Slicer (level 13, -4/101 HPs)
             Began as a Formicid Warper on Mar 9, 2023.
             Was a High Priest of Okawaru.
             Slain by a death yak (16 damage)
             ... on level 2 of the Lair of Beasts.
             The game lasted 00:18:25 (15921 turns).

ragingrage the Slicer (Formicid Warper)            Turns: 15921, Time: 00:18:25

Health: -4/101     AC: 14    Str: 22    XL:     13   Next: 8%
Magic:  17/17      EV: 13    Int: 14    God:    Okawaru [*****.]
Gold:   748        SH:  0    Dex: 14    Spells: 7/18 levels left

rFire   + . .      SeeInvis +    a - +9 short sword of Zinetek {elec, Fly rN+ Str+6 Dex-3}
rCold   . . .      Faith    .    (no shield)
rNeg    + . .      Spirit   .    D - +2 leather armour {rF+}
rPois   +          Reflect  .    (helmet unavailable)
rElec   .          Rampage  .    m - +0 cloak
rCorr   .                        i - +0 pair of gloves
Will    +....                    y - +0 pair of boots
Stlth   ++                       p - amulet of regeneration
HPRegen 1.16/turn                T - ring of poison resistance
MPRegen 0.15/turn                o - +4 ring of protection

@: flying, studying Ice Magic
A: permanent stasis, dig shafts and tunnels, antennae 3, four strong arms
a: Dig, Shaft Self, Renounce Religion, Heroism, Finesse, Duel


You were on level 2 of the Lair of Beasts.
You worshipped Okawaru.
Okawaru was extremely pleased with you.
You visited 3 branches of the dungeon, and saw 17 of its levels.

You collected 809 gold pieces.
You spent 61 gold pieces at shops.

Inventory:

Hand Weapons
 a - the +9 short sword of Zinetek (weapon) {elec, Fly rN+ Str+6 Dex-3}
   (You found it on level 5 of the Dungeon)

   Str:       It affects your strength (+6).
   Dex:       It affects your dexterity (-3).
   rN:        It protects you from negative energy.
   Fly:       It grants you flight.
 b - a +0 arbalest
 F - the +10 long sword "Zymufail" {heavy, rN+}
   (You found it on level 4 of the Dungeon)

   rN:        It protects you from negative energy.
 Q - a +1 dagger of venom
 R - a +0 scimitar
Missiles
 d - 7 boomerangs of dispersal
 j - 3 poisoned darts (quivered)
 E - a silver javelin
 G - 2 throwing nets
 P - 3 boomerangs
 S - 3 curare-tipped darts
Armour
 i - a +0 pair of gloves (worn)
 m - a +0 cloak (worn)
 q - the +1 leather armour of the Miller {Str+3 Int+4}
   (You found it on level 12 of the Dungeon)

   Str:       It affects your strength (+3).
   Int:       It affects your intelligence (+4).
 y - a +0 pair of boots (worn)
 D - a +2 leather armour of fire resistance (worn)
Jewellery
 f - a ring of fire
 o - a +4 ring of protection (right hand)
 p - an amulet of regeneration (around neck)
 w - a +5 ring of evasion
 T - a ring of poison resistance (left hand)
Wands
 t - a wand of flame (49)
 I - a wand of mindburst (20)
 K - a wand of polymorph (11)
 N - a wand of iceblast (5)
Scrolls
 g - 10 scrolls of vulnerability
 k - 4 scrolls of amnesia
 n - 3 scrolls of enchant weapon
 r - a scroll of silence {unknown}
 u - a scroll of torment {unknown}
 v - 3 scrolls of magic mapping
 B - a scroll of enchant armour {unknown}
 L - a scroll of noise {unknown}
 U - a scroll of identify
 V - a scroll of fog {unknown}
Potions
 c - a potion of magic {unknown}
 e - a potion of ambrosia {unknown}
 h - a potion of resistance {unknown}
 l - 2 potions of lignification
 s - 3 potions of heal wounds
 x - 2 potions of mutation {unknown}
 z - 5 potions of might
 A - a potion of berserk rage {unknown}
 C - 2 potions of cancellation {unknown}
 H - 3 potions of flight {unknown}
 M - 2 potions of brilliance {unknown}
 O - 3 potions of attraction {unknown}


   Skills:
 + Level 9.1 Fighting
 - Level 9.2(10.7) Short Blades
 + Level 8.8(10.5) Long Blades
 - Level 1.0 Throwing
 + Level 8.9 Armour
 - Level 5.0 Dodging
 - Level 4.0 Stealth
 - Level 3.0 Spellcasting
 + Level 7.9 Translocations
 - Level 4.0 Transmutations
 - Level 5.0 Invocations
 - Level 4.0 Evocations


You had 7 spell levels left.
You knew the following spells:

 Your Spells              Type           Power      Damage    Failure   Level
a - Wereblood             Tmut           13%        N/A       7%          2
b - Lesser Beckoning      Tloc           48%        N/A       1%          2
c - Manifold Assault      Tloc           24%        N/A       10%         4
d - Vhi's Electric Charg  Tloc/Air       26%        N/A       14%         3

Your spell library contained the following spells:

 Spells                   Type           Power      Damage    Failure   Level
 Teleport Other           Tloc           24%        N/A       2%          3
 Beastly Appendage        Tmut           26%        N/A       4%          1
 Portal Projectile        Hex/Tloc       26%        N/A       14%         3
 Magic Dart               Conj           8%         1d3       24%         1
 Spider Form              Tmut/Pois      7%         N/A       30%         3
 Ensorcelled Hibernation  Hex/Ice        4%         N/A       34%         2
 Searing Ray              Conj           4%         2d4       34%         2
 Blade Hands              Tmut           6%         N/A       77%         5
 Anguish                  Hex/Necr       1%         N/A       93%         4
 Fulminant Prism          Conj/Hex       1%         3d5       93%         4
 Conjure Ball Lightning   Conj/Air       1%         3x3d6     100%        6
 Discord                  Hex            1%         N/A       100%        8
 Disjunction              Tloc           12%        N/A       100%        8
 Blink                    Tloc           Unusable   N/A       N/A         2
 Tukima's Dance           Hex            Unusable   N/A       N/A         3

Dungeon Overview and Level Annotations

Branches:
Dungeon (13/15)            Temple (1/1) D:5            Lair (3/5) D:8
  Snake (0/4) Lair:2          Orc (0/2) D:9
  Swamp: Lair:2-3    Shoals: Lair:2-3    Vaults: D:13-14

Altars:
Ashenzari
Cheibriados
Dithmenos
Elyvilon
Fedhas
Gozag
Hepliaklqana
Kikubaaqudgha
Makhleb
Nemelex Xobeh
Okawaru
Qazlal
Ru
Sif Muna
Trog
Uskayaw
Vehumet
Wu Jian
Xom
Yredelemnul
Zin
The Shining One

Shops:
D:2 (   D:12 (

Portals:
Trove: D:11 (give 2 scrolls of acquirement)

Annotations:
D:4 3 runed translucent doors, Newt's ghost, novice DsGl
D:9 Erolcha
D:10 2 runed translucent doors, Lodul; havinatizzy's ghost, novice SpAr


Innate Abilities, Weirdness & Mutations

You cannot be hasted, slowed, berserked, paralysed or teleported.
You can dig through walls and to a lower floor.
You have a pair of large antennae on your head. (SInv)
Your four strong arms can wield two-handed weapons with a shield.


Message History

You puncture the naga!
You kill the naga!
Okawaru accepts your kill.
You feel sick.
You feel sick.
Things that are here:
a +0 mace; a naga corpse You start resting.
You feel sick. x2
You are no longer poisoned.
Found a staircase to the Snake Pit.
Things that are here:
a +0 mace; a naga corpse Done exploring.
Done exploring.
No target in view!
(D) Dungeon (T) Temple (L) Lair (P) Snake Pit (O) Orcish Mines
Where to? (Enter - Lair:1 @ (x,y), ? - help)
There is a stone staircase leading down, spattered with blood here.
You fly downwards.
The death yak bellows!
The death yak gores you!! x2; The death yak gores you! x2
The death yak barely misses you.
The death yak gores you but does no damage.
There is a stone staircase leading up, spattered with blood here.
There are monsters nearby!
There are monsters nearby!
The death yak gores you!
* * * LOW HITPOINT WARNING * * *
The death yak gores you but does no damage.
The death yak gores you!
* * * LOW HITPOINT WARNING * * *
You fly upwards.
There is a stone staircase leading down, spattered with blood here.
The air fills with toxic fumes!
As you read the scroll of poison, it crumbles to dust.
The death yak gores you but does no damage.
The death yak gores you.
* * * LOW HITPOINT WARNING * * *
The death yak gores you!
You die...

.......##.P......#....##...#.....
##.##....§§§§§§§§#P§#§#§.........
.........§§§§§§§§§.§§§§§.........
.<.......§§§§§§§§§§§§§§§.........
...#.#...§§§§§§§§§§§§§§§.........
...#.....##§§§§§§#§§§§###........
.........§#§§§§§§§§§§§###.P##....
.........§§§§§§Y§§§§§§§§..P.#....
.........§§§§§§§@Y§§§§§§.........
.........§§§§§§Y§§§§§§§§.........
.........§§§§§§§§§§§§§§§.........
.....#...§§§#§§§§§§§§§§§...#.P.##
...#..#..§§#§##§§#§§§§§§.......##
...####..§#######§§§§§§§........#
....#.....# #§§§§§§§.........
...##.#..## #§§§§§§§.........
......P...# ###...............


You could see 3 death yaks.

Vanquished Creatures
  Harold (Lair:1)
  2 boulder beetles
  A death yak (Lair:2)
  3 two-headed ogres
  2 ugly things
  Maurice (D:10)
  2 black mambas (Lair:1)
  3 gargoyles
  4 cane toads
  3 komodo dragons (Lair:2)
  An unseen horror (D:10)
  2 hornets
  8 blink frogs
  Grinder (D:5)
  15 slime creatures
  A vampire (D:12)
  3 wraiths
  2 basilisks
  12 yaks
  2 steam dragons
  3 nagas
  An acid dragon (D:12)
  3 water moccasins
  2 orc warriors
  2 black bears (D:4)
  An ice beast (D:7)
  2 wolves (Lair:3)
  4 ogres
  3 centaurs
  9 bullfrogs
  2 scorpions
  5 wights (D:9)
  3 killer bees (D:10)
  3 electric eels (D:12)
  2 howler monkeys
  3 hounds
  2 orc priests
  2 jellies (D:5)
  6 orc wizards
  2 adders
  An ufetubus (D:5)
  A worm (D:2)
  2 dart slugs (D:2)
  25 orcs
  13 ball pythons
  15 endoplasms
  5 giant cockroaches
  10 goblins
  6 hobgoblins
  9 jackals
  7 kobolds
  4 quokkas
  3 bats
  4 frilled lizards
  4 rats
238 creatures vanquished.

Vanquished Creatures (others)
  5 fungi
  A plant (Lair:3)
6 creatures vanquished.

Grand Total: 244 creatures vanquished

Notes
Turn   | Place    | Note
-------+----------+-------------------------------------------
     0 | D:1      | ragingrage the Formicid Warper began the quest for the Orb.
     0 | D:1      | Reached XP level 1. HP: 16/16 MP: 3/3
   104 | D:1      | Reached XP level 2. HP: 4/22 MP: 5/5
   584 | D:1      | Reached XP level 3. HP: 27/27 MP: 6/6
   865 | D:1      | Found a faded altar of an unknown god.
   892 | D:1      | Learned a level 2 spell: Wereblood
  1659 | D:2      | Reached XP level 4. HP: 33/33 MP: 7/7
  1797 | D:2      | Found Jacisah's Weapon Shop.
  2258 | D:2      | Bought a +0 dagger of venom for 61 gold pieces
  2508 | D:3      | Reached skill level 1 in Stealth
  2869 | D:3      | Found a bloodstained altar of Trog.
  3134 | D:3      | Reached XP level 5. HP: 38/38 MP: 8/8
  3645 | D:4      | Learned a level 2 spell: Lesser Beckoning
  3794 | D:4      | Found a runed translucent gate.
  3795 | D:4      | Found a runed translucent gate.
  3796 | D:4      | Found a runed translucent gate.
  3797 | D:4      | Identified the +2 whip of Evil {venom, Fragile rElec Will+
                  | rCorr}
  3797 | D:4      | Identified the +1 leather armour of Abstinence {Rampage rC+
                  | Will+ Slay+3}
  3797 | D:4      | Noticed Newt's ghost (novice DsGl)
  3904 | D:3      | Reached skill level 1 in Transmutations
  4019 | D:4      | You fall into a shaft and drop 2 floors!
  4031 | D:5      | Entered Level 5 of the Dungeon
  4119 | D:5      | Noticed Grinder
  4173 | D:4      | Identified the +10 long sword "Zymufail" {heavy, rN+}
  4403 | D:4      | Noticed a black bear
  4410 | D:4      | Killed a black bear
  4411 | D:4      | Reached skill level 5 in Long Blades
  4411 | D:4      | Reached XP level 6. HP: 44/44 MP: 9/9
  5000 | D:5      | Noticed a black bear
  5006 | D:4      | Killed a black bear
  5007 | D:4      | Reached XP level 7. HP: 42/50 MP: 9/11
  5120 | D:5      | Identified the +9 short sword of Zinetek {elec, Fly rN+
                  | Str+6 Dex-3}
  5256 | D:5      | Reached skill level 1 in Short Blades
  5322 | D:5      | Found a staircase to the Ecumenical Temple.
  5330 | Temple   | Entered the Ecumenical Temple
  5459 | Temple   | Became a worshipper of Warmaster Okawaru
  5935 | D:5      | Reached XP level 8. HP: 56/56 MP: 12/12
  5958 | D:5      | Killed Grinder
  5958 | D:5      | Reached * piety under Okawaru
  6097 | D:6      | Reached skill level 1 in Invocations
  6285 | D:6      | Reached skill level 5 in Short Blades
  6504 | D:7      | Noticed a hornet
  6518 | D:7      | Killed a hornet
  6627 | D:7      | Reached XP level 9. HP: 31/61 MP: 13/13
  7003 | D:7      | Reached ** piety under Okawaru
  7342 | D:8      | Reached skill level 5 in Invocations
  7417 | D:8      | Noticed a two-headed ogre
  7673 | D:8      | Killed a two-headed ogre
  7673 | D:8      | Reached *** piety under Okawaru
  8280 | D:8      | Found a staircase to the Lair.
  8297 | D:8      | Reached XP level 10. HP: 63/68 MP: 14/14
  8398 | D:9      | Found a white marble altar of Elyvilon.
  8560 | D:9      | Reached **** piety under Okawaru
  8561 | D:9      | Reached skill level 1 in Evocations
  8570 | D:9      | Noticed Erolcha
  9006 | D:9      | Found a staircase to the Orcish Mines.
  9181 | D:10     | Entered Level 10 of the Dungeon
  9235 | D:10     | Found a broken altar of Ashenzari.
  9249 | D:10     | Found a sacrificial altar of Ru.
  9252 | D:10     | Found a snail-covered altar of Cheibriados.
  9255 | D:10     | Found a hazy altar of Hepliaklqana.
  9409 | D:10     | Found a large runed translucent door.
  9409 | D:10     | Found a large runed translucent door.
  9411 | D:10     | Noticed havinatizzy's ghost (novice SpAr)
  9427 | D:10     | Noticed an unseen horror
  9432 | D:10     | Killed an unseen horror
  9432 | D:10     | Received a gift from Okawaru
  9446 | D:10     | Noticed Lodul
  9495 | D:10     | Noticed Maurice
  9502 | D:10     | Killed Maurice
  9958 | D:11     | Reached ***** piety under Okawaru
 10178 | D:11     | Reached XP level 11. HP: 78/78 MP: 15/15
 10190 | D:11     | Reached skill level 5 in Fighting
 10749 | D:11     | Noticed a boulder beetle
 10776 | D:11     | Killed a boulder beetle
 10776 | D:11     | Received a gift from Okawaru
 10777 | D:11     | Reached skill level 5 in Armour
 10777 | D:11     | Reached skill level 5 in Translocations
 10982 | D:11     | Found a portal to a secret trove of treasure.
 11042 | D:11     | Noticed a green ugly thing
 11058 | D:11     | Killed a green ugly thing
 11431 | D:12     | Found Xanajikh's Weapon Shoppe.
 11480 | D:12     | Reached skill level 5 in Dodging
 11493 | D:12     | Identified the +1 leather armour of the Miller {Str+3
                  | Int+4}
 11500 | D:12     | Learned a level 4 spell: Manifold Assault
 11504 | D:12     | Learned a level 3 spell: Vhi's Electric Charge
 12033 | D:12     | Received a gift from Okawaru
 12116 | D:12     | Noticed a cyan ugly thing
 12301 | D:12     | Noticed a two-headed ogre
 12311 | D:12     | Killed a two-headed ogre
 12312 | D:12     | Reached XP level 12. HP: 68/91 MP: 16/16
 12450 | D:12     | Noticed a boulder beetle
 12693 | D:12     | Killed a boulder beetle
 12752 | D:12     | Noticed a two-headed ogre
 12762 | D:12     | Killed a two-headed ogre
 13038 | Lair:1   | Entered Level 1 of the Lair of Beasts
 13056 | Lair:1   | Noticed Harold
 13084 | Lair:1   | Killed Harold
 14596 | Lair:2   | Received a gift from Okawaru
 14999 | Lair:3   | Noticed a death yak
 15000 | Lair:3   | Noticed a death yak
 15012 | Lair:3   | Noticed a death yak
 15016 | Lair:3   | Noticed a death yak
 15016 | Lair:3   | Noticed a death yak
 15019 | Lair:3   | Noticed a death yak
 15047 | Lair:2   | Killed a death yak
 15200 | Lair:2   | Reached XP level 13. HP: 52/100 MP: 17/17
 15841 | Lair:2   | Found a staircase to the Snake Pit.
 15921 | Lair:2   | Slain by a death yak

Illustrated notes

Levels and vault maps discovered:
D:1:      minmay_arrival_nine_rooms, layout_basic, basic_ecumenical_altar
D:2:      layout_basic, serial_shops, nicolae_shop_trees
D:3:      layout_loops_corners, bloody_trog, serial_glass, glass_columns_b,
          glass_columns_a, glass_columns_a, glass_columns_c, glass_columns_b,
          glass_columns_c, columned_hall_lemuel, minmay_cut_off
D:4:      minmay_razor_zed, layout_gridville, biasface_ghost_orc_armoury,
          ebering_dispersal_statue_hall, st_stairs_7, kennysheep_doodads
D:5:      layout_cave_pods, minmay_temple_entry_wispy, uniq_grinder
D:6:      layout_layer_cave, serial_park_tiny_1, uniq_eustachio
D:7:      layout_basic
D:8:      layout_loops_corners, lair_entry_dummy
D:9:      layout_irregular_city, mainiacjoe_overflow_paths, orc_0_dummy,
          uniq_erolcha
D:10:     layout_basic, grunt_temple_overflow_cloverleaf,
          ebering_ghost_disaster_area, kennysheep_path_1, uniq_maurice,
          uniq_lodul
D:11:     layout_basic, enter_trove_0
D:12:     layout_roguey, serial_shops, nicolae_shop_hallway_stairs,
          disabler_island
D:13:     layout_roguey, david_vaults_5, uniq_jorgrun
Temple:   nicolae_temple_elliptical
Lair:1:   layout_chaotic_city, uniq_harold
Lair:2:   layout_gridlike, nicolae_snake_entry_squirm, st_stairs_3
Lair:3:   layout_regular_city, swamp_mist, chequers_serial_rivers_micro_e

Skill      XL: |  1  2  3  4  5  6  7  8  9 10 11 12 13 |
---------------+----------------------------------------+-----
Long Blades    | 3 4 5 7 8 |  8.8
Stealth        | 2 3 4 |  4.0
Transmutations | 2 3 4 |  4.0
Spellcasting   | 3 |  3.0
Short Blades   | 3 5 9 |  9.2
Invocations    | 4 5 |  5.0
Dodging        | 2 4 5 |  5.0
Translocations | 4 6 7 |  7.9
Evocations     | 4 |  4.0
Armour         | 4 6 8 |  8.9
Fighting       | 4 7 8 9 |  9.1
Throwing       | |  1.0

Action                     |  1- 3 |  4- 6 |  7- 9 | 10-12 | 13-15 || total
---------------------------+-------+-------+-------+-------+-------++-------
  Melee: Falchion          |   119 |    12 |       |       |       ||   131
         Punch             |     1 |     1 |     3 |    13 |       ||    18
         Dagger            |       |   184 |       |       |       ||   184
         Long sword        |       |    41 |     4 |    17 |       ||    62
         Short sword       |       |       |   118 |   443 |    34 ||   595
   Fire: Arbalest          |       |       |       |    82 |       ||    82
  Throw: Dart              |       |     4 |     4 |    27 |       ||    35
   Cast: Wereblood         |       |       |       |     2 |       ||     2
 Invoke: Heroism           |       |       |     1 |     3 |       ||     4
Ability: Dig               |       |       |       |     3 |       ||     3
    Use: Scroll            |       |     3 |       |     8 |     1 ||    12
         Potion            |       |       |     1 |     1 |       ||     2
   Stab: Sleeping          |       |     4 |     2 |     6 |       ||    12
         Distracted        |       |     1 |     2 |       |       ||     3
 Armour: Leather armour    |    17 |    16 |    36 |    88 |    12 ||   169
         Chain mail        |    38 |    73 |       |       |       ||   111
         Ring mail         |       |    27 |       |       |       ||    27
         Skin              |       |       |     3 |       |       ||     3
  Dodge: Dodged            |    45 |   124 |    54 |   208 |     8 ||   439

Table legend: (Time is in decaauts)
 A = Elapsed time spent in this place.
 B = Non-inter-level travel time spent in this place.
 C = Inter-level travel time spent in this place.
 D = Time resting spent in this place.
 E = Time spent auto-exploring this place.
 F = Levels seen in this place.
 G = Mean time per level.
                   A        B        C        D        E       F      G
               +--------+--------+--------+--------+--------+-----+--------+
         Total |  15717 |  14348 |   1369 |   2286 |   9252 |  17 |  924.5 |
       Dungeon |  13136 |  11913 |   1223 |   1646 |   7994 |  13 | 1010.5 |
        Temple |    158 |    114 |     44 |      0 |     99 |   1 |  158.0 |
          Lair |   2422 |   2320 |    102 |    640 |   1159 |   3 |  807.3 |
               +--------+--------+--------+--------+--------+-----+--------+

Top non-repeatable levels by time:
    D:11: 1711 daAuts
  Lair:2: 1461 daAuts
     D:4: 1391 daAuts
    D:12: 1343 daAuts
     D:3: 1257 daAuts
     D:1: 1235 daAuts
     D:8: 1214 daAuts
     D:2: 1008 daAuts
     D:5: 995 daAuts
    D:10: 938 daAuts
  Lair:1: 878 daAuts
     D:9: 812 daAuts
     D:7: 789 daAuts
     D:6: 435 daAuts
  Temple: 158 daAuts
